Rangers vs Avalanche (R1)

Created - 4 janvier 2013 at 19:15

Goals
1 2 3 T
Rangers 1 1 1 3
Avalanche 1 1 3 5
Shots
1 2 3 T
Rangers 16 10 7 33
Avalanche 7 15 5 27

1st period

1. Avalanche , Martin Lapointe 1 (Marc Staal, Rostislav Olesz) at 7:20
2. Rangers , Patrick Sharp 6 (Alexandre Burrows, Brent Seabrook) at 18:13

Penalties :
Brad Richards (NYR) for Interference (Minor) at 9:48, Mike Rathje (Col) for Roughing (Minor) at 12:53, Andrew Ladd (Col) for Tripping (Minor) at 18:55, Patrice Bergeron (NYR) for Holding Stick (Minor) at 18:55

2nd period

3. Rangers , Bobby Holik 4 (Milan Lucic, Brad Richards) at 4:40 (SH)
4. Avalanche , Jeremy Roenick 9 (Ryan Smyth) at 6:42 (PP)

Penalties :
Patrick Sharp (NYR) for Hooking (Minor) at 3:31, Milan Lucic (NYR) for Hooking (Minor) at 6:34, Ryan Smyth (Col) for Tripping (Minor) at 9:09, Alexandre Burrows (NYR) for Holding (Minor) at 11:31

3rd period

5. Rangers , Brent Seabrook 1 (Bobby Holik, Patric Hornqvist) at 7:21
6. Avalanche , Rostislav Olesz 2 (Rod Brind'Amour, Martin Lapointe) at 8:23
7. Avalanche , Éric Perrin 3 (Frantisek Kaberle, Jeremy Roenick) at 12:07
8. Avalanche , Jason Pominville 9 (Mike Rathje, Chuck Kobasew) at 17:01 (SH)

Penalties :
Patrick Sharp (NYR) for Hooking (Minor) at 0:17, Andrew Ladd (Col) for Hooking (Minor) at 8:58, Frantisek Kaberle (Col) for Roughing (Minor) at 15:21

Goalie Stats

Henrik Lundqvist (NYR), 22 saves from 27 shots - (0,815), L, 10-9-0, 60:00 minutes
Antti Niemi (Col), 30 saves from 33 shots - (0,909), W, 4-4-2, 60:00 minutes

Players Stats for Rangers

Player Name              G  A  P  +/- PIM S  H  SB GA TA FO     MP     PP MP  PK MP  
------------------------------------------------------------------------------------
Alexandre Burrows        0  1  1   0  2   3  0  0  1  0  1/2    10:47   0:00   1:49 
Bobby Holik              1  1  2   1  0   3  1  0  1  0  5/9    12:30   0:00   3:01 
Brad Richards            0  1  1  -2  2   3  4  0  1  1  21/35  24:10   4:47   3:19 
Brent Seabrook           1  1  2   0  0   2  1  2  0  1  0/0    19:22   3:00   2:42 
Bryan Berard             0  0  0  -1  0   5  0  1  0  0  0/0    31:40   4:56   5:22 
Cam Barker               0  0  0   0  0   0  3  3  1  1  0/0    19:22   3:00   2:42 
Drew Stafford            0  0  0   0  0   0  0  0  0  0  0/0     6:15   0:00   0:00 
Ian Laperriere           0  0  0   0  0   0  0  0  0  0  0/1     6:55   0:00   0:00 
Jere Lehtinen            0  0  0   0  0   2  1  0  0  0  0/0     8:18   0:00   0:00 
Johan Franzen            0  0  0   0  0   3  2  1  0  1  3/4    21:18   3:09   4:28 
Josh Gorges              0  0  0   0  0   0  0  1  0  0  0/0     8:58   0:00   0:00 
Kyle McLaren             0  0  0  -1  0   1  0  1  0  0  0/0    31:40   4:56   5:22 
Matt Greene              0  0  0   0  0   1  0  0  0  0  0/0     8:58   0:00   0:00 
Milan Lucic              0  1  1  -1  2   4  1  0  1  1  1/2    22:07   4:47   2:21 
Patric Hornqvist         0  1  1  -2  0   4  1  0  3  0  0/3    19:29   4:47   0:00 
Patrice Bergeron         0  0  0   0  2   1  1  0  0  0  7/12   15:58   3:09   0:39 
Patrick Sharp            1  0  1   0  4   1  1  1  0  0  1/2    15:49   3:09   0:31 
Sean Avery               0  0  0   0  0   0  0  0  0  0  0/0     6:15   0:00   0:00 

Players Stats for Avalanche

Player Name              G  A  P  +/- PIM S  H  SB GA TA FO     MP     PP MP  PK MP  
------------------------------------------------------------------------------------
Andrew Ladd              0  0  0  -1  4   0  2  0  1  0  1/1    16:30   3:29   1:15 
Bobby Ryan               0  0  0  -1  0   0  0  0  0  0  0/0    14:08   3:29   0:00 
Chuck Kobasew            0  1  1   0  0   1  0  0  0  0  0/0     6:33   0:00   1:21 
Éric Perrin              1  0  1   0  0   1  0  0  0  0  2/3     5:23   0:00   0:29 
Frantisek Kaberle        0  1  1   1  2   1  1  0  0  1  0/0    28:16   5:14   4:00 
Jack Johnson             0  0  0   0  0   0  0  1  0  1  0/0     9:34   0:00   0:00 
Jason Pominville         1  0  1   0  0   2  1  1  0  1  4/6    18:08   4:35   1:24 
Jeremy Roenick           1  1  2  -1  0   3  2  0  1  0  16/37  28:04   4:35   5:36 
Karel Rachunek           0  0  0   1  0   0  1  0  0  0  0/0     2:37   0:00   0:06 
Marc Staal               0  1  1   2  0   1  2  2  0  3  0/0    27:30   5:14   5:11 
Martin Lapointe          1  1  2   2  0   4  0  0  1  0  0/2    12:46   0:00   0:00 
Mike Comrie              0  0  0   0  0   3  2  0  1  0  1/12   15:46   3:29   1:24 
Mike Rathje              0  1  1  -1  2   0  3  0  0  0  0/0    22:40   2:50   2:31 
Ossi Vaananen            0  0  0  -1  0   0  1  1  0  0  0/0    20:25   2:50   2:45 
Rod Brind'Amour          0  1  1   2  0   1  0  0  0  1  6/7    13:04   0:00   0:00 
Ron Hainsey              0  0  0   0  0   0  0  0  0  1  0/0    11:26   0:00   1:19 
Rostislav Olesz          1  1  2   2  0   6  0  0  0  0  0/0    12:47   0:00   0:00 
Ryan Smyth               0  1  1  -1  2   4  1  3  1  0  1/2    24:23   4:35   4:23 

3 Stars

1 - Rostislav Olesz (Col)
2 - Martin Lapointe (Col)
3 - Bobby Holik (NYR)

Power Play

Rangers - 0 on 4 Attempt(s) - 0,00%
Avalanche - 1 on 5 Attempt(s) - 20,00%

Penalty Kill

Rangers - 4 on 5 Attempt(s) - 80,00% - Score 1 goal in Penalty Kill
Avalanche - 4 on 4 Attempt(s) - 100,00% - Score 1 goal in Penalty Kill

Official

Referees : O'Rourke Dan and Furlatt Eric
Linesman : Pierre Champoux and Tim Nowak

Game Notes

No Game Note

Finance

Level 1 -- Attendance: 5702 (95,03%) -- Ticket Income 541 690 $
Level 2 -- Attendance: 4215 (84,30%) -- Ticket Income 236 040 $
Level 3 -- Attendance: 1997 (99,85%) -- Ticket Income 65 901 $
Level 4 -- Attendance: 3976 (99,40%) -- Ticket Income 79 520 $
Luxury Box -- Attendance: 728 (72,80%) -- Ticket Income 138 320 $
Game was played at the Pepsi Center
Total Attendance: 16618 (92,32%)
Total Ticket Income: 1 061 471 $
Total Income: 1 061 471 $

Rangers

5 vs 5 Forward 
   Center                   Left Wing                Right Wing               Time % Phy DF OF 
 1 Brad Richards            Milan Lucic              Patric Hornqvist         40     1   2  2  
 2 Patrice Bergeron         Patrick Sharp            Johan Franzen            30     1   2  2  
 3 Bobby Holik              Alexandre Burrows        Jere Lehtinen            20     1   2  2  
 4 Ian Laperriere           Sean Avery               Drew Stafford            10     1   2  2  

5 vs 5 Defense 
   Defense                  Defense                                           Time % Phy DF OF 
 1 Bryan Berard             Kyle McLaren                                      40     1   2  2  
 2 Cam Barker               Brent Seabrook                                    30     1   2  2  
 3 Matt Greene              Josh Gorges                                       20     1   2  2  
 4 Bryan Berard             Kyle McLaren                                      10     1   2  2  

PowerPlay Forward 
   Center                   Left Wing                Right Wing               Time % Phy DF OF 
 1 Brad Richards            Milan Lucic              Patric Hornqvist         60     1   2  2  
 2 Patrice Bergeron         Patrick Sharp            Johan Franzen            40     1   2  2  

PowerPlay Defense
   Defense                  Defense                                           Time % Phy DF OF 
 1 Bryan Berard             Kyle McLaren                                      60     1   2  2  
 2 Cam Barker               Brent Seabrook                                    40     1   2  2  

Penalty Kill 4 Players Forward 
   Center                   Wing                     Time % Phy DF OF 
 1 Brad Richards            Johan Franzen            60     1   2  2  
 2 Bobby Holik              Milan Lucic              40     1   2  2  

Penalty Kill 4 Players Defense
   Defense                  Defense                  Time % Phy DF OF 
 1 Bryan Berard             Kyle McLaren             60     1   2  2  
 2 Cam Barker               Brent Seabrook           40     1   2  2  

Penalty Kill - 3 Players Forward 
   Forward                                           Time % Phy DF OF 
 1 Brad Richards                                     60     1   2  2  
 2 Bobby Holik                                       40     1   2  2  

Penalty Kill - 3 Players Defense
   Defense                  Defense                  Time % Phy DF OF 
 1 Bryan Berard             Kyle McLaren             60     1   2  2  
 2 Cam Barker               Brent Seabrook           40     1   2  2  

4 vs 4 Forward 
   Center                   Wing                     Time % Phy DF OF 
 1 Brad Richards            Johan Franzen            60     1   2  2  
 2 Milan Lucic              Patrick Sharp            40     1   2  2  

4 vs 4 Defense
   Defense                  Defense                  Time % Phy DF OF 
 1 Bryan Berard             Kyle McLaren             60     1   2  2  
 2 Cam Barker               Brent Seabrook           40     1   2  2  

Last Minutes Offensive
   Center                   Left Wing                Right Wing               Defense                  Defense                  
   Brad Richards            Milan Lucic              Johan Franzen            Bryan Berard             Kyle McLaren             

Last Minutes Defensive
   Center                   Left Wing                Right Wing               Defense                  Defense                  
   Bobby Holik              Milan Lucic              Jere Lehtinen            Cam Barker               Bryan Berard             

Goaltenders
Starting : Henrik Lundqvist         
Backup : Hannu Toivonen           

Extra Forwards
Normal : Bobby Holik, Ian Laperriere, Alexandre Burrows - PP : Bobby Holik, Ian Laperriere - PK : Alexandre Burrows
Extra Defensemen
Normal : Matt Greene, Josh Gorges, Cam Barker - PP : Matt Greene - PK : Josh Gorges, Cam Barker
Penalty Shots
Brad Richards, Johan Franzen, Milan Lucic, Patrick Sharp, Jere Lehtinen

Avalanche

5 vs 5 Forward 
   Center                   Left Wing                Right Wing               Time % Phy DF OF 
 1 Jeremy Roenick           Ryan Smyth               Jason Pominville         40     1   2  2  
 2 Mike Comrie              Andrew Ladd              Bobby Ryan               30     1   2  2  
 3 Rod Brind'Amour          Rostislav Olesz          Martin Lapointe          20     1   2  2  
 4 Éric Perrin              Jeremy Roenick           Chuck Kobasew            10     1   2  2  

5 vs 5 Defense 
   Defense                  Defense                                           Time % Phy DF OF 
 1 Frantisek Kaberle        Marc Staal                                        40     1   2  2  
 2 Mike Rathje              Ossi Vaananen                                     30     1   2  2  
 3 Jack Johnson             Ron Hainsey                                       20     1   2  2  
 4 Karel Rachunek           Frantisek Kaberle                                 10     1   2  2  

PowerPlay Forward 
   Center                   Left Wing                Right Wing               Time % Phy DF OF 
 1 Jeremy Roenick           Ryan Smyth               Jason Pominville         60     1   2  2  
 2 Mike Comrie              Andrew Ladd              Bobby Ryan               40     1   2  2  

PowerPlay Defense
   Defense                  Defense                                           Time % Phy DF OF 
 1 Frantisek Kaberle        Marc Staal                                        60     1   2  2  
 2 Mike Rathje              Ossi Vaananen                                     40     1   2  2  

Penalty Kill 4 Players Forward 
   Center                   Wing                     Time % Phy DF OF 
 1 Jeremy Roenick           Ryan Smyth               60     1   2  2  
 2 Jason Pominville         Mike Comrie              40     1   2  2  

Penalty Kill 4 Players Defense
   Defense                  Defense                  Time % Phy DF OF 
 1 Frantisek Kaberle        Marc Staal               60     1   2  2  
 2 Mike Rathje              Ossi Vaananen            40     1   2  2  

Penalty Kill - 3 Players Forward 
   Forward                                           Time % Phy DF OF 
 1 Jeremy Roenick                                    60     1   2  2  
 2 Ryan Smyth                                        40     1   2  2  

Penalty Kill - 3 Players Defense
   Defense                  Defense                  Time % Phy DF OF 
 1 Frantisek Kaberle        Marc Staal               60     1   2  2  
 2 Mike Rathje              Ossi Vaananen            40     1   2  2  

4 vs 4 Forward 
   Center                   Wing                     Time % Phy DF OF 
 1 Jeremy Roenick           Ryan Smyth               60     1   2  2  
 2 Jason Pominville         Mike Comrie              40     1   2  2  

4 vs 4 Defense
   Defense                  Defense                  Time % Phy DF OF 
 1 Frantisek Kaberle        Marc Staal               60     1   2  2  
 2 Mike Rathje              Ossi Vaananen            40     1   2  2  

Last Minutes Offensive
   Center                   Left Wing                Right Wing               Defense                  Defense                  
   Jeremy Roenick           Ryan Smyth               Jason Pominville         Frantisek Kaberle        Marc Staal               

Last Minutes Defensive
   Center                   Left Wing                Right Wing               Defense                  Defense                  
   Jeremy Roenick           Ryan Smyth               Jason Pominville         Frantisek Kaberle        Marc Staal               

Goaltenders
Starting : Antti Niemi              
Backup : Patrick Lalime           

Extra Forwards
Normal : Rod Brind'Amour, Martin Lapointe, Chuck Kobasew - PP : Rod Brind'Amour, Martin Lapointe - PK : Chuck Kobasew
Extra Defensemen
Normal : Jack Johnson, Ron Hainsey, Karel Rachunek - PP : Jack Johnson - PK : Ron Hainsey, Karel Rachunek
Penalty Shots
Jeremy Roenick, Ryan Smyth, Jason Pominville, Mike Comrie, Rod Brind'Amour

% Time on Ice - Rangers

Lines # - Real PCT - Wanted PCT - Time Play
Normal Forward
1 - 38% - 40% - 15:48
2 - 28% - 30% - 11:40
3 - 20% - 20% - 8:18
4 - 15% - 10% - 6:15
Normal Defense
1 - 44% - 40% - 18:17
2 - 31% - 30% - 13:00
3 - 21% - 20% - 8:58
4 - 4% - 10% - 1:46
PP Forward
1 - 60% - 60% - 4:47
2 - 40% - 40% - 3:09
PP Defense
1 - 62% - 60% - 4:56
2 - 38% - 40% - 3:00
PK Forward
1 - 76% - 60% - 6:09
2 - 24% - 40% - 1:55
PK Defense
1 - 67% - 60% - 5:22
2 - 33% - 40% - 2:42
PK3 Forward
1 - 0% - 60%
2 - 0% - 40%
PK3 Defense
1 - 0% - 60%
2 - 0% - 40%
44 Forward
1 - 89% - 60% - 1:46
2 - 11% - 40% - 0:13
44 Defense
1 - 66% - 60% - 1:19
2 - 34% - 40% - 0:40
Last Minute Offensive  - 0:00
Last Minute Defensive  - 0:00
Total
Forward - 60:00
Defense - 60:00

% Time on Ice - Avalanche

Lines # - Real PCT - Wanted PCT - Time Play
Normal Forward
1 - 36% - 40% - 15:00
2 - 25% - 30% - 10:19
3 - 29% - 20% - 12:15
4 - 11% - 10% - 4:27
Normal Defense
1 - 38% - 40% - 15:59
2 - 33% - 30% - 13:57
3 - 23% - 20% - 9:34
4 - 6% - 10% - 2:31
PP Forward
1 - 57% - 60% - 4:35
2 - 43% - 40% - 3:29
PP Defense
1 - 65% - 60% - 5:14
2 - 35% - 40% - 2:50
PK Forward
1 - 82% - 60% - 6:32
2 - 18% - 40% - 1:24
PK Defense
1 - 65% - 60% - 5:11
2 - 35% - 40% - 2:45
PK3 Forward
1 - 0% - 60%
2 - 0% - 40%
PK3 Defense
1 - 0% - 60%
2 - 0% - 40%
44 Forward
1 - 71% - 60% - 1:25
2 - 29% - 40% - 0:34
44 Defense
1 - 55% - 60% - 1:06
2 - 45% - 40% - 0:53
Last Minute Offensive  - 0:00
Last Minute Defensive  - 0:00
Total
Forward - 60:00
Defense - 60:00

Play by Play

1st period


0:01 of 1st period - Brad Richards wins face-off versus Jeremy Roenick in neutral zone.
0:04 of 1st period - Wrist shot by Patric Hornqvist.
0:04 of 1st period - Shot Misses the Net.
0:07 of 1st period - Icing by Marc Staal.
0:08 of 1st period - Brad Richards wins face-off versus Jeremy Roenick in Avalanche zone.
1:03 of 1st period - Snap shot by Jere Lehtinen.
1:03 of 1st period - Shot Misses the Net.
1:05 of 1st period - Wrist shot by Bobby Holik.
1:05 of 1st period - Deflect By Alexandre Burrows.
1:05 of 1st period - Stopped by Antti Niemi with a rebound.
1:25 of 1st period - Snap shot by Chuck Kobasew.
1:25 of 1st period - Stopped by Henrik Lundqvist with a rebound.
1:56 of 1st period - Patrice Bergeron is hit by Jeremy Roenick and loses puck.
2:54 of 1st period - Icing by Josh Gorges.
2:55 of 1st period - Brad Richards wins face-off versus Mike Comrie in Rangers zone.
3:27 of 1st period - Slapshot by Patric Hornqvist.
3:27 of 1st period - Stopped by Antti Niemi with a rebound.
4:30 of 1st period - Off-side.
4:31 of 1st period - Brad Richards wins face-off versus Martin Lapointe in neutral zone.
4:39 of 1st period - Off-side.
4:40 of 1st period - Brad Richards wins face-off versus Jeremy Roenick in neutral zone.
4:42 of 1st period - Off-side.
4:43 of 1st period - Jeremy Roenick wins face-off versus Milan Lucic in neutral zone.
5:56 of 1st period - Wrist shot by Jeremy Roenick.
5:56 of 1st period - Deflect By Éric Perrin.
5:56 of 1st period - Shot Misses the Net.
5:56 of 1st period - Puck is out of play.
5:57 of 1st period - Patrice Bergeron wins face-off versus Jeremy Roenick in Rangers zone.
5:57 of 1st period - Patrice Bergeron is hit by Mike Rathje.
6:03 of 1st period - Wrist shot by Jeremy Roenick.
6:03 of 1st period - Shot Blocked by Kyle McLaren.
6:11 of 1st period - Snap shot by Johan Franzen.
6:11 of 1st period - Shot Misses the Net.
6:32 of 1st period - Snap shot by Mike Comrie.
6:32 of 1st period - Stopped by Henrik Lundqvist with a rebound.
6:44 of 1st period - Slapshot by Jere Lehtinen.
6:44 of 1st period - Stopped by Antti Niemi without a rebound.
6:45 of 1st period - Rod Brind'Amour wins face-off versus Bobby Holik in Avalanche zone.
6:55 of 1st period - Backhand shot by Martin Lapointe.
6:55 of 1st period - Shot Hit the Post.
6:57 of 1st period - Slapshot by Frantisek Kaberle.
6:57 of 1st period - Stopped by Henrik Lundqvist with a rebound.
6:59 of 1st period - Wrist shot by Rostislav Olesz.
6:59 of 1st period - Stopped by Henrik Lundqvist with a rebound.
7:18 of 1st period - Wrist shot by Martin Lapointe.
7:18 of 1st period - Shot Blocked by Cam Barker.
7:20 of 1st period - Slapshot by Marc Staal.
7:20 of 1st period - Deflect By Martin Lapointe.
7:20 of 1st period - Goal by Martin Lapointe - Rangers : 0 - Avalanche : 1.
7:21 of 1st period - Brad Richards wins face-off versus Jeremy Roenick in neutral zone.
7:26 of 1st period - Backhand shot by Milan Lucic.
7:26 of 1st period - Shot Blocked by Jason Pominville.
7:28 of 1st period - Slapshot by Brad Richards.
7:28 of 1st period - Stopped by Antti Niemi without a rebound.
7:29 of 1st period - Brad Richards wins face-off versus Jeremy Roenick in Avalanche zone.
7:30 of 1st period - Snap shot by Patric Hornqvist.
7:30 of 1st period - Stopped by Antti Niemi without a rebound.
7:31 of 1st period - Jeremy Roenick wins face-off versus Brad Richards in Avalanche zone.
8:06 of 1st period - Snap shot by Patric Hornqvist.
8:06 of 1st period - Shot Misses the Net.
8:13 of 1st period - Icing by Ossi Vaananen.
8:14 of 1st period - Jason Pominville wins face-off versus Patrice Bergeron in Avalanche zone.
8:49 of 1st period - Wrist shot by Bobby Ryan.
8:49 of 1st period - Shot Blocked by Josh Gorges.
8:51 of 1st period - Snap shot by Mike Comrie.
8:51 of 1st period - Deflect By Josh Gorges.
8:51 of 1st period - Stopped by Henrik Lundqvist with a rebound.
9:27 of 1st period - Wrist shot by Patric Hornqvist.
9:27 of 1st period - Shot Misses the Net.
9:29 of 1st period - Slapshot by Bryan Berard.
9:29 of 1st period - Stopped by Antti Niemi without a rebound.
9:30 of 1st period - Brad Richards wins face-off versus Mike Comrie in Avalanche zone.
9:48 of 1st period - Minor Penalty to Brad Richards for Interference.
9:49 of 1st period - Alexandre Burrows wins face-off versus Jeremy Roenick in Rangers zone.
10:02 of 1st period - Wrist shot by Johan Franzen.
10:02 of 1st period - Stopped by Antti Niemi without a rebound.
10:03 of 1st period - Jeremy Roenick wins face-off versus Alexandre Burrows in Avalanche zone.
10:39 of 1st period - Bryan Berard is hit by Mike Comrie and loses puck.
11:20 of 1st period - Wrist shot by Patrick Sharp.
11:20 of 1st period - Shot Misses the Net.
11:48 of 1st period - Penalty to Brad Richards is over, Brad Richards is back on ice.
12:18 of 1st period - Backhand shot by Patric Hornqvist.
12:18 of 1st period - Stopped by Antti Niemi with a rebound.
12:20 of 1st period - Wrist shot by Matt Greene.
12:20 of 1st period - Stopped by Antti Niemi without a rebound.
12:21 of 1st period - Éric Perrin wins face-off versus Ian Laperriere in Avalanche zone.
12:52 of 1st period - Snap shot by Rostislav Olesz.
12:52 of 1st period - Stopped by Henrik Lundqvist without a rebound.
12:53 of 1st period - Patrice Bergeron wins face-off versus Jeremy Roenick in Rangers zone.
12:53 of 1st period - Minor Penalty to Mike Rathje for Roughing.
12:54 of 1st period - Brad Richards wins face-off versus Jeremy Roenick in Avalanche zone.
12:55 of 1st period - Snap shot by Patric Hornqvist.
12:55 of 1st period - Shot Misses the Net.
13:07 of 1st period - Slapshot by Bryan Berard.
13:07 of 1st period - Shot Misses the Net.
13:25 of 1st period - Slapshot by Patrice Bergeron.
13:25 of 1st period - Stopped by Antti Niemi without a rebound.
13:26 of 1st period - Johan Franzen wins face-off versus Jeremy Roenick in Avalanche zone.
13:39 of 1st period - Snap shot by Johan Franzen.
13:39 of 1st period - Deflect By Patrick Sharp.
13:39 of 1st period - Shot Misses the Net.
13:39 of 1st period - Puck is out of play.
13:40 of 1st period - Jeremy Roenick wins face-off versus Patric Hornqvist in Avalanche zone.
13:51 of 1st period - Slapshot by Bryan Berard.
13:51 of 1st period - Deflect By Brad Richards.
13:51 of 1st period - Shot Misses the Net.
13:51 of 1st period - Puck is out of play.
13:52 of 1st period - Jason Pominville wins face-off versus Brad Richards in Avalanche zone.
14:00 of 1st period - Off-side.
14:01 of 1st period - Brad Richards wins face-off versus Jeremy Roenick in neutral zone.
14:50 of 1st period - Snap shot by Brad Richards.
14:50 of 1st period - Shot Misses the Net.
14:52 of 1st period - Snap shot by Patric Hornqvist.
14:52 of 1st period - Shot Blocked by Marc Staal.
14:53 of 1st period - Penalty to Mike Rathje is over, Mike Rathje is back on ice.
15:42 of 1st period - Snap shot by Brad Richards.
15:42 of 1st period - Shot Misses the Net.
15:44 of 1st period - Slapshot by Kyle McLaren.
15:44 of 1st period - Stopped by Antti Niemi with a rebound.
16:08 of 1st period - Wrist shot by Brad Richards.
16:08 of 1st period - Stopped by Antti Niemi with a rebound.
16:10 of 1st period - Slapshot by Bryan Berard.
16:10 of 1st period - Shot Misses the Net.
16:16 of 1st period - Slapshot by Bryan Berard.
16:16 of 1st period - Stopped by Antti Niemi with a rebound.
16:18 of 1st period - Snap shot by Kyle McLaren.
16:18 of 1st period - Shot Misses the Net.
17:18 of 1st period - Snap shot by Patric Hornqvist.
17:18 of 1st period - Stopped by Antti Niemi with a rebound.
17:20 of 1st period - Slapshot by Kyle McLaren.
17:20 of 1st period - Shot Blocked by Marc Staal.
17:22 of 1st period - Slapshot by Bryan Berard.
17:22 of 1st period - Stopped by Antti Niemi without a rebound.
17:23 of 1st period - Mike Comrie wins face-off versus Patrick Sharp in Avalanche zone.
17:45 of 1st period - Icing by Patrick Sharp.
17:46 of 1st period - Rod Brind'Amour wins face-off versus Bobby Holik in Rangers zone.
17:49 of 1st period - Slapshot by Rostislav Olesz.
17:49 of 1st period - Shot Misses the Net.
18:11 of 1st period - Wrist shot by Alexandre Burrows.
18:11 of 1st period - Shot Misses the Net.
18:13 of 1st period - Snap shot by Patrick Sharp.
18:13 of 1st period - Goal by Patrick Sharp - Rangers : 1 - Avalanche : 1.
18:14 of 1st period - Johan Franzen wins face-off versus Mike Comrie in neutral zone.
18:19 of 1st period - Wrist shot by Johan Franzen.
18:19 of 1st period - Deflect By Patrick Sharp.
18:19 of 1st period - Shot Misses the Net.
18:19 of 1st period - Puck is out of play.
18:20 of 1st period - Patrice Bergeron wins face-off versus Mike Comrie in Avalanche zone.
18:55 of 1st period - Minor Penalty to Andrew Ladd for Tripping.
18:55 of 1st period - Minor Penalty to Patrice Bergeron for Holding Stick.
18:56 of 1st period - Bobby Holik wins face-off versus Jason Pominville in Avalanche zone.
19:09 of 1st period - Wrist shot by Mike Comrie.
19:09 of 1st period - Shot Blocked by Brent Seabrook.
19:48 of 1st period - Marc Staal is hit by Johan Franzen and loses puck.

2nd period


0:01 of 2nd period - Jeremy Roenick wins face-off versus Brad Richards in neutral zone.
0:08 of 2nd period - Backhand shot by Ryan Smyth.
0:08 of 2nd period - Stopped by Henrik Lundqvist with a rebound.
0:10 of 2nd period - Slapshot by Marc Staal.
0:10 of 2nd period - Stopped by Henrik Lundqvist with a rebound.
0:12 of 2nd period - Snap shot by Ryan Smyth.
0:12 of 2nd period - Stopped by Henrik Lundqvist with a rebound.
0:43 of 2nd period - Snap shot by Jason Pominville.
0:43 of 2nd period - Stopped by Henrik Lundqvist without a rebound.
0:44 of 2nd period - Jeremy Roenick wins face-off versus Brad Richards in Rangers zone.
0:55 of 2nd period - Penalty to Andrew Ladd is over, Andrew Ladd is back on ice.
0:55 of 2nd period - Penalty to Patrice Bergeron is over, Patrice Bergeron is back on ice.
1:29 of 2nd period - Wrist shot by Jeremy Roenick.
1:29 of 2nd period - Deflect By Ryan Smyth.
1:29 of 2nd period - Shot Blocked by Bryan Berard.
1:29 of 2nd period - Puck is out of play.
1:30 of 2nd period - Rod Brind'Amour wins face-off versus Bobby Holik in Rangers zone.
1:35 of 2nd period - Slapshot by Rostislav Olesz.
1:35 of 2nd period - Stopped by Henrik Lundqvist with a rebound.
1:43 of 2nd period - Slapshot by Bobby Holik.
1:43 of 2nd period - Stopped by Antti Niemi without a rebound.
1:44 of 2nd period - Bobby Holik wins face-off versus Mike Comrie in Avalanche zone.
2:58 of 2nd period - Jason Pominville is hit by Bobby Holik.
3:21 of 2nd period - Snap shot by Rostislav Olesz.
3:21 of 2nd period - Stopped by Henrik Lundqvist without a rebound.
3:22 of 2nd period - Patrice Bergeron wins face-off versus Mike Comrie in Rangers zone.
3:22 of 2nd period - Patrice Bergeron is hit by Mike Comrie.
3:31 of 2nd period - Minor Penalty to Patrick Sharp for Hooking.
3:32 of 2nd period - Brad Richards wins face-off versus Jeremy Roenick in Rangers zone.
4:40 of 2nd period - Snap shot by Bobby Holik.
4:40 of 2nd period - Goal by Bobby Holik - Rangers : 2 - Avalanche : 1.
4:41 of 2nd period - Johan Franzen wins face-off versus Jeremy Roenick in neutral zone.
4:44 of 2nd period - Wrist shot by Kyle McLaren.
4:44 of 2nd period - Shot Blocked by Ryan Smyth.
4:50 of 2nd period - Johan Franzen is hit by Frantisek Kaberle and loses puck.
5:31 of 2nd period - Penalty to Patrick Sharp is over, Patrick Sharp is back on ice.
5:35 of 2nd period - Wrist shot by Mike Comrie.
5:35 of 2nd period - Stopped by Henrik Lundqvist without a rebound.
5:36 of 2nd period - Bobby Holik wins face-off versus Ryan Smyth in Rangers zone.
6:33 of 2nd period - Icing by Andrew Ladd.
6:34 of 2nd period - Brad Richards wins face-off versus Mike Comrie in Avalanche zone.
6:34 of 2nd period - Minor Penalty to Milan Lucic for Hooking.
6:35 of 2nd period - Jeremy Roenick wins face-off versus Brad Richards in Rangers zone.
6:38 of 2nd period - Snap shot by Jeremy Roenick.
6:38 of 2nd period - Shot Misses the Net.
6:40 of 2nd period - Wrist shot by Ryan Smyth.
6:40 of 2nd period - Stopped by Henrik Lundqvist with a rebound.
6:42 of 2nd period - Snap shot by Jeremy Roenick.
6:42 of 2nd period - Goal by Jeremy Roenick - Rangers : 2 - Avalanche : 2.
6:43 of 2nd period - Patrick Sharp wins face-off versus Jeremy Roenick in neutral zone.
6:50 of 2nd period - Wrist shot by Johan Franzen.
6:50 of 2nd period - Stopped by Antti Niemi with a rebound.
6:52 of 2nd period - Snap shot by Patrick Sharp.
6:52 of 2nd period - Deflect By Patrice Bergeron.
6:52 of 2nd period - Deflect By Frantisek Kaberle.
6:52 of 2nd period - Shot Misses the Net.
6:52 of 2nd period - Puck is out of play.
6:53 of 2nd period - Jeremy Roenick wins face-off versus Patrice Bergeron in Avalanche zone.
7:10 of 2nd period - Patrick Sharp is hit by Ryan Smyth and loses puck.
7:38 of 2nd period - Off-side.
7:39 of 2nd period - Brad Richards wins face-off versus Mike Comrie in neutral zone.
8:04 of 2nd period - Bobby Holik is hit by Mike Rathje and loses puck.
8:27 of 2nd period - Snap shot by Drew Stafford.
8:27 of 2nd period - Shot Misses the Net.
8:29 of 2nd period - Wrist shot by Ian Laperriere.
8:29 of 2nd period - Shot Blocked by Ossi Vaananen.
8:31 of 2nd period - Snap shot by Sean Avery.
8:31 of 2nd period - Shot Misses the Net.
8:33 of 2nd period - Slapshot by Kyle McLaren.
8:33 of 2nd period - Shot Misses the Net.
8:43 of 2nd period - Mike Rathje is hit by Milan Lucic and loses puck.
9:00 of 2nd period - Snap shot by Martin Lapointe.
9:00 of 2nd period - Stopped by Henrik Lundqvist without a rebound.
9:01 of 2nd period - Jeremy Roenick wins face-off versus Brad Richards in Rangers zone.
9:04 of 2nd period - Slapshot by Jeremy Roenick.
9:04 of 2nd period - Stopped by Henrik Lundqvist with a rebound.
9:09 of 2nd period - Minor Penalty to Ryan Smyth for Tripping.
9:10 of 2nd period - Brad Richards wins face-off versus Jeremy Roenick in Avalanche zone.
9:21 of 2nd period - Slapshot by Milan Lucic.
9:21 of 2nd period - Shot Misses the Net.
9:23 of 2nd period - Slapshot by Bryan Berard.
9:23 of 2nd period - Stopped by Antti Niemi without a rebound.
9:24 of 2nd period - Brad Richards wins face-off versus Jeremy Roenick in Avalanche zone.
9:49 of 2nd period - Marc Staal is hit by Patrice Bergeron and loses puck.
10:32 of 2nd period - Éric Perrin is hit by Cam Barker.
11:09 of 2nd period - Penalty to Ryan Smyth is over, Ryan Smyth is back on ice.
11:18 of 2nd period - Snap shot by Rostislav Olesz.
11:18 of 2nd period - Stopped by Henrik Lundqvist without a rebound.
11:19 of 2nd period - Rod Brind'Amour wins face-off versus Bobby Holik in Rangers zone.
11:31 of 2nd period - Minor Penalty to Alexandre Burrows for Holding.
11:32 of 2nd period - Brad Richards wins face-off versus Jeremy Roenick in Rangers zone.
13:31 of 2nd period - Penalty to Alexandre Burrows is over, Alexandre Burrows is back on ice.
13:34 of 2nd period - Alexandre Burrows is hit by Mike Rathje and loses puck.
13:49 of 2nd period - Slapshot by Ian Laperriere.
13:49 of 2nd period - Shot Misses the Net.
13:51 of 2nd period - Snap shot by Drew Stafford.
13:51 of 2nd period - Shot Misses the Net.
13:53 of 2nd period - Backhand shot by Sean Avery.
13:53 of 2nd period - Shot Misses the Net.
13:55 of 2nd period - Slapshot by Bryan Berard.
13:55 of 2nd period - Stopped by Antti Niemi without a rebound.
13:56 of 2nd period - Rod Brind'Amour wins face-off versus Patrice Bergeron in Avalanche zone.
13:56 of 2nd period - Rod Brind'Amour is hit by Patrick Sharp.
14:19 of 2nd period - Slapshot by Milan Lucic.
14:19 of 2nd period - Stopped by Antti Niemi with a rebound.
15:17 of 2nd period - Éric Perrin is hit by Cam Barker and loses puck.
15:59 of 2nd period - Slapshot by Alexandre Burrows.
15:59 of 2nd period - Stopped by Antti Niemi with a rebound.
16:01 of 2nd period - Slapshot by Jere Lehtinen.
16:01 of 2nd period - Shot Misses the Net.
16:19 of 2nd period - Patrick Sharp is hit by Jason Pominville and loses puck.
16:46 of 2nd period - Snap shot by Drew Stafford.
16:46 of 2nd period - Shot Blocked by Jack Johnson.
16:56 of 2nd period - Snap shot by Milan Lucic.
16:56 of 2nd period - Stopped by Antti Niemi without a rebound.
16:57 of 2nd period - Milan Lucic wins face-off versus Éric Perrin in Avalanche zone.
16:58 of 2nd period - Backhand shot by Brad Richards.
16:58 of 2nd period - Stopped by Antti Niemi with a rebound.
17:26 of 2nd period - Snap shot by Mike Rathje.
17:26 of 2nd period - Shot Blocked by Patrick Sharp.
17:50 of 2nd period - Snap shot by Jere Lehtinen.
17:50 of 2nd period - Stopped by Antti Niemi without a rebound.
17:51 of 2nd period - Andrew Ladd wins face-off versus Brad Richards in Avalanche zone.
17:58 of 2nd period - Snap shot by Milan Lucic.
17:58 of 2nd period - Shot Misses the Net.
18:23 of 2nd period - Wrist shot by Martin Lapointe.
18:23 of 2nd period - Stopped by Henrik Lundqvist without a rebound.
18:24 of 2nd period - Brad Richards wins face-off versus Jeremy Roenick in Rangers zone.
18:26 of 2nd period - Icing by Cam Barker.
18:27 of 2nd period - Brad Richards wins face-off versus Jeremy Roenick in Rangers zone.
18:30 of 2nd period - Slapshot by Ryan Smyth.
18:30 of 2nd period - Stopped by Henrik Lundqvist without a rebound.
18:31 of 2nd period - Brad Richards wins face-off versus Jeremy Roenick in Rangers zone.
18:58 of 2nd period - Milan Lucic is hit by Jeremy Roenick and loses puck.
19:15 of 2nd period - Slapshot by Kyle McLaren.
19:15 of 2nd period - Shot Blocked by Ryan Smyth.
19:39 of 2nd period - Ryan Smyth is hit by Patric Hornqvist and loses puck.
19:50 of 2nd period - Slapshot by Jeremy Roenick.
19:50 of 2nd period - Stopped by Henrik Lundqvist without a rebound.
19:51 of 2nd period - Patrice Bergeron wins face-off versus Mike Comrie in Rangers zone.
19:55 of 2nd period - Off-side.
19:56 of 2nd period - Patrice Bergeron wins face-off versus Mike Comrie in neutral zone.

3rd period


0:01 of 3rd period - Patrice Bergeron wins face-off versus Jeremy Roenick in neutral zone.
0:17 of 3rd period - Minor Penalty to Patrick Sharp for Hooking.
0:18 of 3rd period - Brad Richards wins face-off versus Jason Pominville in Rangers zone.
0:33 of 3rd period - Snap shot by Jeremy Roenick.
0:33 of 3rd period - Shot Blocked by Johan Franzen.
1:06 of 3rd period - Snap shot by Mike Rathje.
1:06 of 3rd period - Shot Blocked by Brent Seabrook.
2:17 of 3rd period - Penalty to Patrick Sharp is over, Patrick Sharp is back on ice.
2:18 of 3rd period - Alexandre Burrows is hit by Marc Staal and loses puck.
4:23 of 3rd period - Bobby Ryan is hit by Johan Franzen and loses puck.
4:38 of 3rd period - Jason Pominville is hit by Cam Barker and loses puck.
5:01 of 3rd period - Snap shot by Martin Lapointe.
5:01 of 3rd period - Shot Blocked by Cam Barker.
5:07 of 3rd period - Jack Johnson is hit by Brent Seabrook and loses puck.
5:24 of 3rd period - Andrew Ladd is hit by Brad Richards and loses puck.
5:45 of 3rd period - Kyle McLaren is hit by Marc Staal and loses puck.
7:19 of 3rd period - Slapshot by Bobby Holik.
7:19 of 3rd period - Stopped by Antti Niemi with a rebound.
7:21 of 3rd period - Slapshot by Brent Seabrook.
7:21 of 3rd period - Goal by Brent Seabrook - Rangers : 3 - Avalanche : 2.
7:22 of 3rd period - Brad Richards wins face-off versus Mike Comrie in neutral zone.
8:13 of 3rd period - Wrist shot by Rod Brind'Amour.
8:13 of 3rd period - Stopped by Henrik Lundqvist without a rebound.
8:14 of 3rd period - Rod Brind'Amour wins face-off versus Patric Hornqvist in Rangers zone.
8:23 of 3rd period - Snap shot by Rostislav Olesz.
8:23 of 3rd period - Goal by Rostislav Olesz - Rangers : 3 - Avalanche : 3.
8:24 of 3rd period - Ryan Smyth wins face-off versus Brad Richards in neutral zone.
8:58 of 3rd period - Minor Penalty to Andrew Ladd for Hooking.
8:59 of 3rd period - Jeremy Roenick wins face-off versus Brad Richards in Avalanche zone.
9:12 of 3rd period - Slapshot by Milan Lucic.
9:12 of 3rd period - Stopped by Antti Niemi with a rebound.
9:27 of 3rd period - Icing by Patrick Sharp.
9:28 of 3rd period - Jason Pominville wins face-off versus Patrice Bergeron in Rangers zone.
9:49 of 3rd period - Slapshot by Bryan Berard.
9:49 of 3rd period - Shot Misses the Net.
9:55 of 3rd period - Snap shot by Johan Franzen.
9:55 of 3rd period - Stopped by Antti Niemi without a rebound.
9:56 of 3rd period - Jeremy Roenick wins face-off versus Brad Richards in Avalanche zone.
10:01 of 3rd period - Slapshot by Milan Lucic.
10:01 of 3rd period - Shot Misses the Net.
10:03 of 3rd period - Slapshot by Brent Seabrook.
10:03 of 3rd period - Stopped by Antti Niemi without a rebound.
10:04 of 3rd period - Jeremy Roenick wins face-off versus Brad Richards in Avalanche zone.
10:04 of 3rd period - Jeremy Roenick is hit by Brad Richards.
10:58 of 3rd period - Penalty to Andrew Ladd is over, Andrew Ladd is back on ice.
11:55 of 3rd period - Snap shot by Milan Lucic.
11:55 of 3rd period - Stopped by Antti Niemi without a rebound.
11:56 of 3rd period - Éric Perrin wins face-off versus Johan Franzen in Avalanche zone.
12:07 of 3rd period - Wrist shot by Éric Perrin.
12:07 of 3rd period - Goal by Éric Perrin - Rangers : 3 - Avalanche : 4.
12:08 of 3rd period - Jeremy Roenick wins face-off versus Patric Hornqvist in neutral zone.
12:34 of 3rd period - Johan Franzen is hit by Andrew Ladd and loses puck.
13:24 of 3rd period - Slapshot by Ian Laperriere.
13:24 of 3rd period - Deflect By Mike Rathje.
13:24 of 3rd period - Shot Blocked by Ryan Smyth.
13:24 of 3rd period - Puck is out of play.
13:25 of 3rd period - Jeremy Roenick wins face-off versus Brad Richards in Avalanche zone.
13:38 of 3rd period - Ryan Smyth is hit by Brad Richards and loses puck.
14:10 of 3rd period - Wrist shot by Alexandre Burrows.
14:10 of 3rd period - Stopped by Antti Niemi without a rebound.
14:11 of 3rd period - Bobby Holik wins face-off versus Rod Brind'Amour in Avalanche zone.
14:23 of 3rd period - Off-side.
14:24 of 3rd period - Jason Pominville wins face-off versus Brad Richards in neutral zone.
14:27 of 3rd period - Kyle McLaren is hit by Ossi Vaananen.
15:21 of 3rd period - Minor Penalty to Frantisek Kaberle for Roughing.
15:22 of 3rd period - Jeremy Roenick wins face-off versus Brad Richards in Avalanche zone.
15:22 of 3rd period - Jeremy Roenick is hit by Brad Richards.
16:32 of 3rd period - Brad Richards is hit by Andrew Ladd and loses puck.
16:59 of 3rd period - Slapshot by Mike Rathje.
16:59 of 3rd period - Shot Misses the Net.
17:01 of 3rd period - Slapshot by Jason Pominville.
17:01 of 3rd period - Goal by Jason Pominville - Rangers : 3 - Avalanche : 5.
17:02 of 3rd period - Jeremy Roenick wins face-off versus Patrice Bergeron in neutral zone.
17:07 of 3rd period - Slapshot by Ron Hainsey.
17:07 of 3rd period - Shot Blocked by Cam Barker.
17:21 of 3rd period - Penalty to Frantisek Kaberle is over, Frantisek Kaberle is back on ice.
17:27 of 3rd period - Rod Brind'Amour is hit by Jere Lehtinen.
17:28 of 3rd period - Icing by Rod Brind'Amour.
17:29 of 3rd period - Bobby Holik wins face-off versus Martin Lapointe in Avalanche zone.
18:19 of 3rd period - Snap shot by Rostislav Olesz.
18:19 of 3rd period - Deflect By Martin Lapointe.
18:19 of 3rd period - Stopped by Henrik Lundqvist with a rebound.
18:43 of 3rd period - Alexandre Burrows is hit by Karel Rachunek and loses puck.


Output by the SimonT Hockey Simulator (STHS) for François Prévost -- Original Page W3C XHTML 1.0 Valid
Hockey Simulator - Hockey Simulation - Hockey Manager